 Dungeon Crawl Stone Soup version 0.27-a0-1140-g099f9bb0e8 (webtiles) character file.

Game seed: 644194305554602907

359 bilbop the Magician (level 6, -6/45 HPs)
             Began as a Djinni Venom Mage on May 9, 2021.
             Mangled by a killer bee zombie (8 damage)
             ... on level 5 of the Dungeon.
             The game lasted 00:15:47 (3581 turns).

bilbop the Magician (Djinni Venom Mage)             Turns: 3581, Time: 00:15:48

Health: -6/45      AC:  2    Str:  7    XL:     6   Next: 65%
Gold:   56         EV: 12    Int: 17    God:
                   SH:  0    Dex: 15

rFire    + + .     SeeInvis .   a - +1 short sword (venom)
rCold    x . .     Faith    .   (no shield)
rNeg     . . .     Spirit   .   k - +0 robe
rPois    ∞         Reflect  .   (no helmet)
rElec    .         Harm     .   (no cloak)
rCorr    .         Rampage  .   (no gloves)
Will     .....                  (boots unavailable)
Stlth    ++........             (no amulet)
HPRegen  0.15/turn              (no ring)
MPRegen  0.00/turn              (no ring)

@: marked, flying
A: sickness immunity, fire resistance 2, cold vulnerability 1, float, innate
caster, hp casting, extra vitality 1
a: no special abilities


You were on level 5 of the Dungeon.
You visited 1 branch of the dungeon, and saw 4 of its levels.

You collected 56 gold pieces.

Inventory:

Hand Weapons
 a - a +1 short sword of venom (weapon)
 b - a +1 dagger of venom
Missiles
 f - 2 atropa-tipped darts
 j - a throwing net
Armour
 k - a +0 robe (worn)
Scrolls
 n - a scroll of amnesia {unknown}
Potions
 c - 2 potions of heal wounds {unknown}
 d - 2 potions of curing {unknown}
 e - a potion of haste {unknown}
 g - a potion of flight {unknown}
 h - a potion of cancellation {unknown}
 i - a potion of lignification {unknown}


   Skills:
 + Level 2.5 Fighting
 + Level 2.3 Short Blades
 - Level 2.1 Dodging
 + Level 3.0 Stealth
 * Level 4.3 Spellcasting


You couldn't memorise any spells.
You knew the following spells:

 Your Spells              Type           Power      Damage    Failure   Level
a - Sting                 Tmut/Pois      72%        1d6       2%          1
b - Poisonous Vapours     Pois/Air       36%        N/A       3%          2
c - Mephitic Cloud        Conj/Pois/Air  18%        N/A       8%          3
d - Ignite Poison         Fire/Tmut/Pois 18%        N/A       8%          3
e - Olgreb's Toxic Radia  Pois           18%        N/A       26%         4
f - Corona                Hex            20%        N/A       2%          1
g - Corpse Rot            Necr/Air       N/A        N/A       3%          2
Your spell library was empty.

Dungeon Overview and Level Annotations

Branches:
Dungeon (3/15)

Altars:


Innate Abilities, Weirdness & Mutations

You are immune to sickness and miasma.
You are immune to poison.
Your flesh is very heat resistant. (rF++)
You are vulnerable to cold. (rC-)
You float through the air rather than walking.
You learn spells naturally, not from books.
Your magical power is your life essence.
You have superior vitality. (+4 HP)


Message History

You are too injured to fight recklessly!
Casting: Ignite Poison (dangerous; 8% risk of failure)
Confirm with . or Enter, or press ? or * to list all spells.
Okay, then.
You hit the killer bee zombie but do no damage.
The killer bee zombie closely misses you. x2
You closely miss the killer bee zombie. The killer bee zombie hits you.
The killer bee zombie barely misses you.
You barely miss the killer bee zombie. The killer bee zombie hits you!
* * * LOW HITPOINT WARNING * * *
You set off the alarm!
A sentinel's mark forms upon you.
You hear a shout! x10; You hear a bark!
You hear a shout!
You hear an angry hiss.
You hear a shout! x7
The killer bee zombie barely misses you.
The lemure looks more healthy.
The killer bee zombie closely misses you.
Found a stone staircase leading up.
The killer bee zombie hits you.
* * * LOW HITPOINT WARNING * * *
The killer bee zombie hits you.
* * * LOW HITPOINT WARNING * * *
Things that are here:
a +0 short sword; an orc corpse The killer bee zombie hits you but does no damage.
An orc priest comes into view. It is wielding a +0 hand axe.
The killer bee zombie closely misses you.
As you read the scroll labelled XAWKEKKAMA, it crumbles to dust.
It is a scroll of identify.
m - a scroll of fear The killer bee zombie hits you.
* * * LOW HITPOINT WARNING * * *
A bullfrog skeleton comes into view.
A hound comes into view.
The lemure barely misses you.
As you read the scroll of fear, it crumbles to dust.
You assume a fearsome visage.
The lemure is unaffected.
The bullfrog skeleton is unaffected.
The hound looks frightened!
The orc priest looks frightened!
The killer bee zombie is unaffected.
The killer bee zombie hits you!
You die...

..... .# ..... #.#.#
# ...... h.. ..
...... #.# .#
......###.######..#
...............o..##
................<...
.....(.....Z@....#
...........5.....#
...$......)......#
.....Z.).........#
.......).........#
.................#
........(........#
.................#
.................


You could see a lemure, a hound (fleeing), an orc priest (fleeing), a killer bee
zombie and a bullfrog skeleton.

Vanquished Creatures
  5 killer bees (D:3)
  2 orc priests
  An orc wizard (D:2)
  A worm (D:2)
  4 dart slugs
  4 orcs
  5 endoplasms
  4 giant cockroaches
  2 hobgoblins (D:2)
  4 kobolds
  5 ball pythons
  3 bats
  2 frilled lizards
  5 goblins
  3 rats
50 creatures vanquished.

Notes
Turn   | Place    | Note
-------+----------+-------------------------------------------
     0 | D:1      | bilbop the Djinni Venom Mage began the quest for the Orb.
     0 | D:1      | Reached XP level 1. HP: 15/15 MP: 0/0
    23 | D:1      | Found a faded altar of an unknown god.
   304 | D:1      | Reached XP level 2. HP: 15/22 MP: 0/0
   684 | D:1      | Reached skill level 3 in Spellcasting
  1010 | D:1      | Reached XP level 3. HP: 25/26 MP: 0/0
  1010 | D:1      | Learned a level 1 spell: Corona
  1734 | D:2      | Reached skill level 1 in Fighting
  2198 | D:2      | Reached skill level 1 in Short Blades
  2226 | D:2      | Reached XP level 4. HP: 14/32 MP: 0/0
  3352 | D:3      | Reached skill level 4 in Spellcasting
  3352 | D:3      | Reached XP level 5. HP: 18/39 MP: 0/0
  3352 | D:3      | Learned a level 2 spell: Corpse Rot
  3352 | D:3      | Reached XP level 6. HP: 20/44 MP: 0/0
  3567 | D:3      | You are sucked into a shaft and drop 2 floors!
  3567 | D:5      | Entered Level 5 of the Dungeon
  3580 | D:5      | HP: 2/45 [killer bee zombie (6)]
  3581 | D:5      | Mangled by a killer bee zombie

Illustrated notes

Levels and vault maps discovered:
D:1:      co_arrival_square_in_a_square_in_a_square, layout_basic,
          hellmonk_ecumenical_altar_pennies_from_heaven
D:2:      layout_loops_ring, minmay_misc_feat_nine_boxes
D:3:      layout_loops_ring, nicolae_dithmenos_the_darkroom,
          overflow_temple_1_default, lemuel_crystal_altar
D:5:      layout_basic, lemuel_coloured_pillars_altar, marbit_many_paths,
          nicolae_overflow_hidden_temple, uniq_ijyb, uniq_pikel, uniq_eustachio

Skill      XL: |  1  2  3  4  5  6 |
---------------+-------------------+-----
Spellcasting   | 3 4 |  4.3
Stealth        | 2 3 |  3.0
Fighting       | 1 2 |  2.5
Short Blades   | 1 2 |  2.3
Dodging        | |  2.1

Action                   |  1- 3 |  4- 6 || total
-------------------------+-------+-------++-------
Melee: Short sword       |    55 |    17 ||    72
       Dagger            |     2 |     1 ||     3
 Cast: Sting             |    13 |     2 ||    15
       Ignite Poison     |     2 |     8 ||    10
       Poisonous Vapours |     2 |     6 ||     8
       Olgreb's Toxic Ra |       |     2 ||     2
  Use: Scroll            |       |     2 ||     2
 Stab: Sleeping          |     5 |     1 ||     6
Armor: Robe              |     8 |     2 ||    10
Dodge: Dodged            |    27 |    20 ||    47

Table legend: (Time is in decaauts)
 A = Elapsed time spent in this place.
 B = Non-inter-level travel time spent in this place.
 C = Inter-level travel time spent in this place.
 D = Time resting spent in this place.
 E = Time spent auto-exploring this place.
 F = Levels seen in this place.
 G = Mean time per level.
                   A        B        C        D        E       F      G
               +--------+--------+--------+--------+--------+-----+--------+
         Total |   3579 |   3420 |    159 |   1564 |   1502 |   4 |  894.8 |
       Dungeon |   3579 |   3420 |    159 |   1564 |   1502 |   4 |  894.8 |
               +--------+--------+--------+--------+--------+-----+--------+

Top non-repeatable levels by time:
     D:1: 1848 daAuts
     D:2: 1467 daAuts
     D:3: 249 daAuts
     D:5: 12 daAuts
